 Dungeon Crawl Stone Soup version 0.23.2-1-ga50397a6bc (webtiles) character file.

Game seed: 9512431227514170280

442 Menchi the Poker (level 7, -6/55 HPs)
             Began as a Merfolk Fighter on May 18, 2019.
             Mangled by a gnoll
             ... wielding a +0 flail
              (12 damage)
             ... on level 4 of the Dungeon.
             The game lasted 00:05:50 (2523 turns).

Menchi the Poker (Merfolk Fighter)                  Turns: 2523, Time: 00:05:51

Health: -6/55      AC:  9    Str: 23    XL:     7   Next: 2%
Magic:  7/7        EV:  9    Int:  7    God:
Gold:   155        SH: 10    Dex: 13    Spells: 6/6 levels left

rFire    . . .     SeeInvis .   a - +0 trident
rCold    . . .     Gourm    .   c - +0 shield
rNeg     + . .     Faith    .   b - +0 scale mail
rPois    +         Spirit   .   (no helmet)
rElec    .         Reflect  .   i - +2 cloak {rPois}
rCorr    .         Harm     .   (no gloves)
MR       .....                  (no boots)
Stlth    ..........             (no amulet)
HPRegen  0.18/turn              n - +4 ring of strength
MPRegen  0.10/turn              q - ring of positive energy

@: no status effects
A: change form in water, swift swim, stealthy swim
a: no special abilities


You were on level 4 of the Dungeon.
You were not hungry.

You visited 1 branch of the dungeon, and saw 4 of its levels.

You collected 155 gold pieces.

Inventory:

Hand Weapons
 a - a +0 trident (weapon)
Armour
 b - a +0 scale mail (worn)
 c - a +0 shield (worn)
 i - a +2 cloak of poison resistance (worn)
Jewellery
 n - a +4 ring of strength (left hand)
 q - a ring of positive energy (right hand)
Wands
 u - a wand of digging (3)
Scrolls
 e - a scroll of teleportation
 g - 2 scrolls of remove curse {unknown}
 l - a scroll of magic mapping {unknown}
 m - 6 scrolls of identify {unknown}
 t - 2 scrolls of immolation {unknown}
Potions
 h - a potion of mutation {unknown}
 j - 2 potions of magic {unknown}
 k - 4 potions of curing {unknown}
 o - 2 potions of flight {unknown}
 p - a potion of degeneration {unknown}
 r - a potion of agility {unknown}
 s - a potion of haste {unknown}
 v - a potion of lignification {unknown}
 w - a potion of invisibility {unknown}
Comestibles
 d - 5 chunks of flesh
 f - 6 rations


   Skills:
 + Level 4.5 Fighting
 * Level 6.5 Polearms
 - Level 2.1 Armour
 + Level 3.4 Dodging
 * Level 5.0 Shields


You had 6 spell levels left.
You didn't know any spells.
Your spell library contained the following spells:

 Spells                   Type           Power        Failure   Level  Hunger
 Corona                   Hex            #......      99%         1    ##.....
 Ensorcelled Hibernation  Hex/Ice        #.....       100%        2    ###....
 Confuse                  Hex            #.......     100%        3    ####...
 Dazzling Spray           Conj/Hex       #.....       100%        3    ####...
 Tukima's Dance           Hex            #.......     100%        3    ####...


Dungeon Overview and Level Annotations

Branches:
Dungeon (4/15)
 Temple: D:4-7

Altars:
The Shining One


Message History

The gnoll is severely wounded.
The gnoll hits you but does no damage. You block the gnoll's attack. x2
The gnoll closely misses you.
You closely miss the gnoll.
The gnoll is severely wounded.
The gnoll hits you. You block the gnoll's attack. The gnoll hits you!
* * * LOW HITPOINT WARNING * * *
Your shield and scale mail prevent you from hitting the gnoll.
The gnoll is moderately wounded.
You block the gnoll's attack. The gnoll hits you.
* * * LOW HITPOINT WARNING * * *
You barely miss the gnoll.
The gnoll is moderately wounded.
The gnoll closely misses you. The gnoll hits you.
* * * LOW HITPOINT WARNING * * *
You block the gnoll's attack.
You hit the gnoll but do no damage.
The gnoll is moderately wounded.
The gnoll hits you with a +0 flail!
You die...

########################
...............(gg......
######....##(...@g.....#
##'''########......
#######...##### .....
#°§☼§☼#...###○# ....
#○.§°§#.#.##.°§# ...
#§.§§§#...#§§§§° ..
#.§☼°.#...##§.°# .
#.°○☼.#...###☼##
#######...#####


You could see 3 gnolls.

Vanquished Creatures
  A phantom (D:4)
  Purgy (D:3)
  Jessica (D:3)
  A worker ant (D:4)
  Ijyb (D:3)
  A hound skeleton (D:4)
  Robin (D:2)
  4 adders
  2 gnolls
  2 oozes
  3 worms
  4 leopard geckos
  7 orcs
  2 giant cockroaches
  10 goblins
  10 hobgoblins
  10 jackals
  3 quokkas
  3 bats
  9 kobolds
  A leopard gecko skeleton (D:4)
  3 rats
80 creatures vanquished.

Notes
Turn   | Place    | Note
-------+----------+-------------------------------------------
     0 | D:1      | Menchi the Merfolk Fighter began the quest for the Orb.
     0 | D:1      | Reached XP level 1. HP: 18/18 MP: 1/1
    37 | D:1      | Reached XP level 2. HP: 23/24 MP: 2/2
   329 | D:1      | Reached skill level 1 in Dodging
   468 | D:1      | Reached XP level 3. HP: 29/29 MP: 3/3
   594 | D:2      | Reached skill level 4 in Polearms
   729 | D:2      | Noticed Robin
   917 | D:2      | Reached XP level 4. HP: 34/37 MP: 4/4
   923 | D:2      | Killed Robin
  1438 | D:3      | Noticed Jessica
  1451 | D:3      | Reached XP level 5. HP: 26/42 MP: 5/5
  1455 | D:3      | Found a glowing golden altar of the Shining One.
  1621 | D:3      | Killed Jessica
  1621 | D:3      | Reached skill level 5 in Polearms
  1793 | D:3      | Noticed Purgy
  1800 | D:3      | Killed Purgy
  1800 | D:3      | Reached XP level 6. HP: 46/48 MP: 6/6
  1818 | D:3      | Noticed Ijyb
  1829 | D:3      | Killed Ijyb
  2394 | D:4      | Reached skill level 6 in Polearms
  2396 | D:4      | Noticed a phantom
  2459 | D:4      | Killed a phantom
  2510 | D:4      | Reached XP level 7. HP: 37/55 MP: 7/7
  2514 | D:4      | Reached skill level 5 in Shields
  2523 | D:4      | Mangled by a gnoll

Skill      XL: |  1  2  3  4  5  6  7 |
---------------+----------------------+-----
Dodging        | 1 2 3 |  3.4
Polearms       | 4 5 6 |  6.5
Fighting       | 4 |  4.5
Shields        | 4 5 |  5.0
Armour         | |  2.1

Action                   |  1- 3 |  4- 6 |  7- 9 || total
-------------------------+-------+-------+-------++-------
Melee: Trident           |   107 |   230 |    13 ||   350
  Use: Potion            |       |     2 |       ||     2
       Scroll            |       |     1 |       ||     1
  Eat: Chunk             |       |     6 |       ||     6
Armor: Scale mail        |    50 |    75 |     8 ||   133
Dodge: Dodged            |    45 |    51 |     7 ||   103
Block: Shield            |    57 |    98 |    12 ||   167
